 Dungeon Crawl Stone Soup version bcrawl-1.17.3 (webtiles) character file.

Game seed: 15351049578611810051

72 Gumption the Sneak (level 4, 0/33 HPs)
             Began as a Human Archaeologist on Oct 24, 2019.
             Slain by a centaur
             ... wielding a +0 short sword
              (11 damage)
             ... on level 3 of the Dungeon.
             The game lasted 00:29:47 (2844 turns).

Gumption the Sneak (Human Archaeologist)            Turns: 2844, Time: 00:29:48

Health: 0/33       AC:  6    Str: 12    XL:     4   Next: 48%
Magic:  6/6        EV: 13    Int: 14    God:
Gold:   194        SH:  4    Dex: 12    Spells: 6/6 levels left

rFire    . . .     SeeInvis .   a - +0 whip
rCold    . . .     Gourm    .   h - +1 buckler
rNeg     . . .     Faith    .   b - +1 robe
rPois    .         Spirit   .   c - +1 hat
rElec    .         Reflect  .   (no cloak)
rCorr    .         Harm     .   (no gloves)
MR       .....                  d - +1 pair of boots
Stlth    ++........             (no amulet)
HPRegen  0.11/turn              (no ring)
MPRegen  0.10/turn              (no ring)

@: studying Spellcasting
A: no striking features
a: no special abilities


You were on level 3 of the Dungeon.
You were not hungry.

You visited 1 branch of the dungeon, and saw 3 of its levels.

You collected 194 gold pieces.

Inventory:

Hand Weapons
 a - a +0 whip (weapon)
Missiles
 n - 98 tomahawks (quivered)
 q - 402 stones
Armour
 b - a +1 robe (worn)
 c - a +1 hat (worn)
 d - a +1 pair of boots (worn)
 h - a +1 buckler (worn)
 i - a cursed +0 leather armour
Jewellery
 l - an uncursed ring of poison resistance {unknown}
Scrolls
 g - a scroll of magic mapping {unknown}
 k - 2 scrolls of enchant armour
 p - a scroll of teleportation {unknown}
 r - a scroll of remove curse {unknown}
 t - a scroll of amnesia {unknown}
Potions
 m - 3 potions of heal wounds
 o - a potion of curing {unknown}
 s - 3 potions of resistance {unknown}
Books
 e - a manual of Spellcasting
Miscellaneous
 f - an ancient crate
Comestibles
 j - 5 rations {!d}
 u - 4 chunks of flesh


   Skills:
 + Level 1.9 Fighting
 - Level 1.1 Maces & Flails
 + Level 1.3 Armour
 + Level 3.8 Dodging
 + Level 4.1 Stealth
 * Level 1.0 Shields
 * Level 1.6 Spellcasting


You had 6 spell levels left.
You didn't know any spells.
Your spell library was empty.

Dungeon Overview and Level Annotations

Branches:
Dungeon (3/12)

Altars:


Message History

The centaur is almost dead.
The centaur completely misses you. The centaur misses you.
You hit the centaur but do no damage.
The centaur is almost dead.
The centaur closely misses you.
The centaur hits you with a +0 short sword.
You hit the centaur.
The centaur is almost dead.
The centaur barely misses you.
You hit the centaur but do no damage.
The centaur is almost dead.
The centaur barely misses you. x2
You barely miss the centaur.
The centaur is almost dead.
The centaur hits you but does no damage.
The centaur misses you.
You hit the centaur.
The centaur is almost dead.
The centaur hits you with a +0 short sword!
You die...

.....#. ... #.#... ##..# #
# #.#..# .(#...#
#.#.#.#..# #.#...#
#...#.#<.###### #.. .>.
#...........# #.# #.#
###.......#.#
#.###c########.####.#
#.##..@........# .#
#.##..#######..####.#.#
#######)##..# #.))........
#...........#
##...######.#
#.###...###.#####....# #.#
#...............##
###.#########.####....#
#.....................#
#.#.####.#.##.####.#..####


You could see a centaur.

Vanquished Creatures
  An adder (D:3)
  An ooze (D:1)
  2 worms (D:2)
  A dart slug (D:1)
  3 leopard geckos
  2 orcs (D:3)
  3 giant cockroaches (D:1)
  3 goblins
  5 hobgoblins
  3 bats
  3 frilled lizards
  10 kobolds
  5 rats
42 creatures vanquished.

Notes
Turn   | Place    | Note
-------+----------+-------------------------------------------
     0 | D:1      | Gumption the Human Archaeologist began the quest for the
                  | Orb.
     0 | D:1      | Reached XP level 1. HP: 15/15 MP: 1/1
   138 | D:1      | Reached XP level 2. HP: 21/21 MP: 2/2
   472 | D:1      | Reached skill level 1 in Armour
   520 | D:1      | Reached skill level 4 in Stealth
   649 | D:1      | Reached XP level 3. HP: 25/26 MP: 3/3
  1302 | D:1      | Reached skill level 1 in Spellcasting
  1963 | D:2      | Reached XP level 4. HP: 20/33 MP: 4/6
  2821 | D:3      | Reached skill level 1 in Shields
  2827 | D:3      | Noticed a centaur
  2844 | D:3      | Slain by a centaur

Skill      XL: |  1  2  3  4 |
---------------+-------------+-----
Armour         | 1 |  1.3
Stealth        | 4 |  4.1
Spellcasting   | 1 |  1.6
Shields        | 1 |  1.0
Fighting       | |  1.9
Maces & Flails | |  1.1
Dodging        | |  3.8

Action                   |  1- 3 |  4- 6 || total
-------------------------+-------+-------++-------
Melee: Whip              |   143 |    52 ||   195
Throw: Tomahawk          |    19 |    40 ||    59
  Use: Scroll            |     2 |     1 ||     3
 Stab: Sleeping          |     2 |       ||     2
  Eat: Ration            |     1 |       ||     1
       Chunk             |       |     3 ||     3
Armor: Robe              |    37 |     7 ||    44
Dodge: Dodged            |    69 |    28 ||    97
Block: Buckler           |     1 |     8 ||     9
